 Dungeon Crawl Stone Soup version 0.30-a0-779-g7971cf19c3 (webtiles) character file.

Game seed: 5770320927173918884

85668 zero the Eclecticist (level 15, -2/92 HPs)
             Began as a Deep Elf Earth Elementalist on Feb 17, 2023.
             Was the Champion of Vehumet.
             Slain by a reaper
             ... wielding a +1 scythe of freezing
              (33 damage)
             ... in an ice cave.
             The game lasted 00:55:04 (20241 turns).

zero the Eclecticist (Deep Elf Earth Elementalist) Turns: 20241, Time: 00:55:05

Health: -2/92      AC: 10    Str:  5    XL:     15   Next: 38%
Magic:  17/37      EV: 15    Int: 42    God:    Vehumet [******]
Gold:   1664       SH:  9    Dex: 15    Spells: 16/46 levels left

rFire   . . .      SeeInvis .    H - +8 hand crossbow of Yhovucau {elec, *Corrode Fragile rElec Int+8}
rCold   + . .      Faith    .    K - +2 kite shield
rNeg    . . .      Spirit   .    o - +1 robe of Vines {NoPotionHeal Regen++++}
rPois   .          Reflect  .    r - +1 hat {Will+}
rElec   +          Harm     .    N - +1 cloak
rCorr   .          Rampage  .    M - +1 pair of gloves
Will    ++...                    S - +1 pair of boots {Fly}
Stlth   +++                      D - amulet of magic regeneration
HPRegen 3.55/turn                F - +6 ring of intelligence
MPRegen 0.65/turn                L - ring of protection from cold

@: flying
A: antennae 1, evolution 1
a: Renounce Religion


You were in an ice cave.
You worshipped Vehumet.
Vehumet was exalted by your worship.
You visited 4 branches of the dungeon, and saw 22 of its levels.
You also visited: Ice Cave.

You collected 2085 gold pieces.
You spent 421 gold pieces at shops.

Inventory:

Hand Weapons
 y - the +8 storm bow {elec, penet}
   (You found it on level 1 of the Lair of Beasts)
 H - the +8 hand crossbow of Yhovucau (weapon) {elec, *Corrode Fragile rElec Int+8}
   (You found it on level 5 of the Lair of Beasts)

   Int:       It affects your intelligence (+8).
   rElec:     It insulates you from electricity.
   *Corrode:  It may corrode you when you take damage.
   Fragile:   It will be destroyed if unequipped.
Missiles
 B - 4 throwing nets
 T - a curare-tipped dart
Armour
 o - the +1 robe of Vines (worn) {NoPotionHeal Regen++++}
   (You found it on level 11 of the Dungeon)

   NoPotionHeal: Its wearer cannot be healed by potions.
   Regen:     It increases your rate of health regeneration.
 r - a +1 hat of willpower (worn)
 K - a +2 kite shield (worn)
 M - a +1 pair of gloves (worn)
 N - a +1 cloak (worn)
 S - a +1 pair of boots of flying (worn)
Jewellery
 a - a ring of wizardry
 b - a ring of see invisible
 m - a ring of magical power
 n - a ring of willpower
 D - an amulet of magic regeneration (around neck)
 E - a +6 ring of dexterity
 F - a +6 ring of intelligence (left hand)
 L - a ring of protection from cold (right hand)
 V - a ring of fire
Wands
 e - a wand of light (12)
 k - a wand of flame (10)
 C - a wand of roots (3)
 O - a wand of charming (8)
 Q - a wand of polymorph (8)
Scrolls
 g - 8 scrolls of identify
 h - 3 scrolls of poison
 l - a scroll of fog
 p - 6 scrolls of magic mapping
 t - 2 scrolls of fear
 w - 7 scrolls of teleportation
 x - a scroll of immolation
 R - 4 scrolls of blinking
 X - a scroll of amnesia
Potions
 i - 8 potions of curing
 j - 4 potions of attraction
 q - 5 potions of mutation
 s - 4 potions of ambrosia
 u - 2 potions of cancellation
 v - 3 potions of haste
 z - 6 potions of lignification
 A - 2 potions of might
 G - 2 potions of invisibility
 I - 4 potions of brilliance
 J - 4 potions of resistance
 P - 5 potions of flight
 U - 5 potions of heal wounds
Miscellaneous
 c - a phantom mirror
 d - a tin of tremorstones (2/2)
 W - a box of beasts


   Skills:
 - Level 10.0 Fighting
 - Level 5.0 Ranged Weapons
 - Level 10.0 Dodging
 - Level 5.0 Stealth
 + Level 16.4 Spellcasting
 - Level 10.0 Conjurations
 - Level 8.0 Necromancy
 - Level 5.0 Translocations
 - Level 1.1 Transmutations
 * Level 1.7 Fire Magic
 + Level 11.5 Ice Magic
 - Level 5.0 Air Magic
 - Level 12.0 Earth Magic
 + Level 3.9 Evocations


You had 16 spell levels left.
You knew the following spells:

 Your Spells              Type           Power      Damage    Failure   Level
a - Sandblast             Erth           100%       2d20      0%          1
b - Freezing Cloud        Conj/Ice/Air   41%        6-21      1%          5
c - Iskenderun's Mystic   Conj/Tloc      78%        2d16      1%          4
d - Blink                 Tloc           100%       N/A       1%          2
e - Simulacrum            Ice/Necr       43%        N/A       9%          6
f - Starburst             Conj/Fire      35%        6d10      11%         6
g - Apportation           Tloc           100%       N/A       1%          1
l - Lee's Rapid Deconstr  Erth           47%        3d22*     1%          5

Your spell library contained the following spells:

 Spells                   Type           Power      Damage    Failure   Level
 Necrotise                Necr           100%       1d9       1%          1
 Ensorcelled Hibernation  Hex/Ice        100%       N/A       1%          2
 Lesser Beckoning         Tloc           100%       N/A       1%          2
 Momentum Strike          Conj/Tloc      100%       3d10      1%          2
 Passwall                 Tmut/Erth      60%        N/A       1%          2
 Gell's Gravitas          Tloc           66%        N/A       1%          3
 Ignite Poison            Fire/Tmut/Pois 42%        N/A       1%          3
 Inner Flame              Hex/Fire       41%        N/A       1%          3
 Kindle Blastsparks       Fire/Tloc/Air  100%       2d18      1%          3
 Stone Arrow              Conj/Erth      100%       3d13      1%          3
 Swiftness                Air            66%        N/A       1%          3
 Teleport Other           Tloc           66%        N/A       1%          3
 Flame Wave               Conj/Fire      71%        2d16      1%          4
 Fulminant Prism          Conj/Hex       33%        3d16      1%          4
 Petrify                  Tmut/Erth      73%        N/A       1%          4
 Sticky Flame             Conj/Fire      71%        2d8       1%          4
 Summon Small Mammal      Summ           100%       N/A       3%          1
 Polar Vortex             Ice            46%        N/A       99%         9


Dungeon Overview and Level Annotations

Branches:
Dungeon (14/15)            Temple (1/1) D:4            Lair (5/5) D:10
  Swamp (0/4) Lair:2        Snake (0/4) Lair:3        Slime (0/5) Lair:5
    Orc (2/2) D:11            Elf (0/3) Orc:2        Vaults (0/5) D:14
  IceCv (1/1)

Altars:
Ashenzari
Cheibriados
Dithmenos
Elyvilon
Fedhas
Gozag
Hepliaklqana
Kikubaaqudgha
Makhleb
Nemelex Xobeh
Okawaru
Qazlal
Ru
Sif Muna
Trog
Uskayaw
Vehumet
Wu Jian
Xom
Yredelemnul
Zin
The Shining One
Jiyva

Shops:
D:12 =   D:13 [   Orc:1 (?*!

Annotations:
D:4 Sigmund
D:5 2 transporters, Takeo's ghost, novice MfGl
D:12 Fannar
Lair:1 exclusion: downstairs
Lair:2 exclusion: downstairs
Lair:3 3 runed translucent doors, rlgrobin's ghost, journeyman MeFi


Innate Abilities, Weirdness & Mutations

You have a pair of small antennae on your head.
You have hidden genetic potential.


Message History

You now have 1664 gold pieces (gained 16).
The reaper attacks as you move away! The reaper hits you but does no damage.
The reaper hits you from afar with a +1 scythe of freezing!
The reaper freezes you.
Casting: Lee's Rapid Deconstruction (safe; 1% risk of failure)
Confirm with . or Enter, or press ? or * to list all spells.
You erupt in a blast of force!
The mystic blast hits the reaper but does no damage.
The reaper hits you from afar with a +1 scythe of freezing!!
The reaper freezes you!
Unknown command.
Casting: Iskenderun's Mystic Blast (safe; 1% risk of failure)
Confirm with . or Enter, or press ? or * to list all spells.
Aiming: Lee's Rapid Deconstruction (safe; 1% risk of failure)
Press: ? - help, Dir - move target An ice covered rock wall.
The wall shatters!
The blast of rock fragments hits the reaper!!
The reaper is heavily wounded.
The reaper hits you from afar with a +1 scythe of freezing!!
* * * LOW HITPOINT WARNING * * *
Casting: Lee's Rapid Deconstruction (safe; 1% risk of failure)
Confirm with . or Enter, or press ? or * to list all spells.
Aiming: Lee's Rapid Deconstruction (safe; 1% risk of failure)
Press: ? - help, Dir - move target An ice covered rock wall.
The wall shatters!
The blast of rock fragments hits the reaper!
The reaper is severely wounded.
You block the reaper's attack.
Casting: Lee's Rapid Deconstruction (safe; 1% risk of failure)
Confirm with . or Enter, or press ? or * to list all spells.
Aiming: Lee's Rapid Deconstruction (safe; 1% risk of failure)
Press: ? - help, Dir - move target An ice covered rock wall.
The wall shatters!
The blast of rock fragments hits the reaper!
The reaper is severely wounded.
The reaper hits you from afar with a +1 scythe of freezing!!
You die...

# #≈ # ≈##. ##
..## #2# #..##
#####.# ##...#
##..#2##
##..⌠.#
#......#
#.....##
##.##..@#
##..#...#
#..##..[#
#..###..##
#.####.####.##
##..# #..#####
#..# ##.#
##..## ##..#
##.# #...#
#..## #.##
#...# #.##
#.## ##..##
#..# #..#
#...###..#
##.#


You could see a reaper.

Vanquished Creatures
  Gastronok (Lair:2)
  Nessos (D:12)
  A dire elephant (Lair:5)
  5 hydras
  2 centaur warriors
  5 vault guards (D:14)
  An ogre mage (Orc:1)
  Harold (Lair:2)
  4 boulder beetles
  2 catoblepae
  2 tengu warriors (D:13)
  7 two-headed ogres
  12 death yaks
  An orc high priest (Orc:2)
  A spectral dire elephant (Lair:5)
  A deep elf knight (D:14)
  4 skeletal warriors (D:13)
  2 spectral death yaks (Lair:5)
  A spectral anaconda (Lair:5)
  Lodul (D:12)
  A skyshark (Lair:2)
  Pikel (D:8)
  2 wizards (D:14)
  2 orc knights
  An obsidian statue (Lair:5)
  2 deep elf pyromancers
  3 necromancers (Lair:5)
  An oklob plant (Lair:3)
  3 manticores
  4 orc sorcerers (Orc:2)
  A cyclops (D:12)
  10 elephants (Lair:5)
  Maurice (D:8)
  Joseph (D:8)
  An eye of devastation (Lair:5)
  An ice statue (IceCv)
  3 gargoyles
  12 cane toads
  An anaconda simulacrum (IceCv)
  9 komodo dragons
  A rime drake (Lair:1)
  An efreet (D:13)
  A troll (shapeshifter) (D:14)
  7 trolls
  2 polar bears (Lair:5)
  A hornet (D:9)
  10 blink frogs
  Prince Ribbit (D:8)
  9 dream sheep
  2 dire elephant simulacra (IceCv)
  A spriggan (shapeshifter) (D:14)
  3 shadows
  2 wraiths
  20 slime creatures
  2 vampires
  7 wyverns
  40 yaks
  3 basilisks
  4 vampire mosquitoes (D:14)
  A spectral cane toad (Lair:5)
  A steam dragon (Lair:3)
  Edmund (D:4)
  5 death yak simulacra
  A harpy simulacrum (IceCv)
  A warg (Orc:2)
  3 nagas (Lair:3)
  An acid dragon (D:11)
  7 water moccasins
  A floating eye (Lair:5)
  A black bear (Lair:2)
  An ice beast (D:6)
  12 ogres
  2 sky beasts
  3 elephant zombies (Lair:5)
  19 orc warriors
  22 wolves
  3 centaurs
  3 elephant skeletons (Lair:5)
  3 lemures (D:8)
  3 kobold brigands
  4 gnoll sergeants
  13 bullfrogs
  A scorpion (D:5)
  3 cane toad simulacra
  6 two-headed ogre simulacra
  3 necrophages
  11 killer bees
  An elephant simulacrum (Lair:5)
  4 howler monkeys
  A vampire bat (D:5)
  2 electric eels
  3 jellies
  A gnoll bouda (D:5)
  6 hounds
  12 orc priests
  5 iguanas
  Jessica (D:3)
  26 orc wizards
  2 polar bear simulacra
  7 troll simulacra
  8 spriggan simulacra (IceCv)
  3 wolf simulacra (IceCv)
  25 gnolls
  11 adders
  7 naga simulacra
  A shadow imp (D:6)
  2 white imps
  6 ufetubi
  3 worms (D:2)
  5 dart slugs
  59 orcs
  9 ball pythons
  9 endoplasms
  4 giant cockroaches
  3 hobgoblins
  7 jackals
  3 quokkas
  12 bats
  4 frilled lizards
  6 goblins
  14 kobolds
  5 rats
  2 bushes
646 creatures vanquished.

Vanquished Creatures (collateral kills)
  A manticore (D:13)
  A hornet (shapeshifter) (D:13)
  An orc warrior (Orc:2)
  A two-headed ogre simulacrum (Orc:2)
  3 orc wizards (Orc:2)
  2 orcs (Orc:2)
9 creatures vanquished.

Vanquished Creatures (others)
  42 fungi
  85 plants
  21 withered plants (Lair:5)
148 creatures vanquished.

Grand Total: 803 creatures vanquished

Notes
Turn   | Place    | Note
-------+----------+-------------------------------------------
     0 | D:1      | zero the Deep Elf Earth Elementalist began the quest for
                  | the Orb.
     0 | D:1      | Reached XP level 1. HP: 10/10 MP: 6/6
   172 | D:1      | Reached XP level 2. HP: 15/15 MP: 4/8
   523 | D:1      | Reached skill level 4 in Spellcasting
   676 | D:1      | Reached XP level 3. HP: 19/19 MP: 10/10
   680 | D:1      | Learned a level 3 spell: Stone Arrow
   990 | D:2      | Reached XP level 4. HP: 24/24 MP: 10/12
  1294 | D:3      | Noticed Jessica
  1296 | D:3      | Killed Jessica
  1297 | D:3      | Reached skill level 5 in Spellcasting
  1297 | D:3      | Reached skill level 5 in Earth Magic
  1542 | D:3      | Found a faded altar of an unknown god.
  1680 | D:3      | Found a glowing golden altar of the Shining One.
  1838 | D:3      | Found a snail-covered altar of Cheibriados.
  1963 | D:3      | Reached XP level 5. HP: 24/28 MP: 12/14
  2257 | D:4      | Reached skill level 1 in Fighting
  2257 | D:4      | Reached skill level 1 in Conjurations
  2342 | D:4      | Noticed Edmund
  2350 | D:4      | Killed Edmund
  2351 | D:4      | Reached skill level 1 in Ranged Weapons
  2351 | D:4      | Reached XP level 6. HP: 12/34 MP: 10/16
  2582 | D:4      | Found a staircase to the Ecumenical Temple.
  2595 | Temple   | Entered the Ecumenical Temple
  2602 | Temple   | Became a worshipper of Vehumet
  2752 | D:4      | Noticed Sigmund
  3200 | D:5      | Entered Level 5 of the Dungeon
  3246 | D:5      | Reached XP level 7. HP: 37/40 MP: 11/17
  3292 | D:5      | Found a transporter.
  3691 | D:5      | Reached skill level 6 in Spellcasting
  3804 | D:5      | Found a transporter.
  3806 | D:5      | Noticed Takeo's ghost (novice MfGl)
  3845 | D:5      | Found a burning altar of Makhleb.
  4126 | D:5      | Reached * piety under Vehumet
  4126 | D:5      | Offered knowledge of Kiss of Death by Vehumet.
  4529 | D:6      | Reached XP level 8. HP: 46/46 MP: 19/19
  4854 | D:6      | Reached skill level 5 in Stealth
  5018 | D:6      | Found a sacrificial altar of Ru.
  5019 | D:6      | Found a basalt altar of Yredelemnul.
  5019 | D:6      | Found a broken altar of Ashenzari.
  5020 | D:6      | Found a sparkling altar of Nemelex Xobeh.
  5552 | D:7      | Reached skill level 5 in Dodging
  5552 | D:7      | Reached skill level 7 in Spellcasting
  5650 | D:7      | Offered knowledge of Momentum Strike by Vehumet.
  5897 | D:7      | Found an iron altar of Okawaru.
  5897 | D:7      | Found a blossoming altar of Fedhas.
  5898 | D:7      | Found a shadowy altar of Dithmenos.
  5967 | D:8      | Reached XP level 9. HP: 38/53 MP: 20/22
  6027 | D:7      | Reached ** piety under Vehumet
  6173 | D:8      | Noticed Maurice
  6180 | D:7      | Reached skill level 5 in Fighting
  6220 | D:8      | Killed Maurice
  6221 | D:8      | Reached skill level 8 in Spellcasting
  6221 | D:8      | Reached skill level 5 in Conjurations
  6373 | D:8      | Noticed Prince Ribbit
  6381 | D:8      | Killed Prince Ribbit
  6422 | D:8      | Found a hazy altar of Hepliaklqana.
  6484 | D:8      | Found a bloodstained altar of Trog.
  6567 | D:8      | Noticed Joseph
  6702 | D:8      | Reached skill level 9 in Spellcasting
  6799 | D:8      | Killed Joseph
  6974 | D:8      | Reached skill level 10 in Spellcasting
  7031 | D:8      | Noticed Pikel
  7039 | D:8      | Killed Pikel
  7040 | D:8      | Reached XP level 10. HP: 45/59 MP: 26/26
  7255 | D:9      | Reached skill level 10 in Earth Magic
  7506 | D:9      | Offered knowledge of Kindle Blastsparks by Vehumet.
  7525 | D:9      | Reached *** piety under Vehumet
  7942 | D:10     | Entered Level 10 of the Dungeon
  8149 | D:10     | Identified the +2 ring mail of Valiance {rC+ rN++ Stlth-}
  8163 | D:10     | Reached skill level 11 in Spellcasting
  8198 | D:10     | Noticed a two-headed ogre
  8205 | D:10     | Killed a two-headed ogre
  8455 | D:10     | Noticed a deep elf pyromancer
  8459 | D:10     | Killed a deep elf pyromancer
  8687 | D:10     | Offered knowledge of Inner Flame by Vehumet.
  9103 | D:10     | Found a staircase to the Lair.
  9227 | D:10     | Identified 2 scrolls of acquirement
  9227 | D:10     | Acquired a book of Blasting
  9312 | D:10     | Acquired the +0 sling of Sudden Death {drain, rC+ Dex+2
                  | Stlth+}
  9323 | D:10     | Learned a level 5 spell: Lee's Rapid Deconstruction
  9328 | D:10     | Learned a level 4 spell: Iskenderun's Mystic Blast
  9427 | D:11     | Reached XP level 11. HP: 66/66 MP: 21/28
  9503 | D:11     | Noticed a two-headed ogre
  9508 | D:11     | Killed a two-headed ogre
  9509 | D:11     | Reached skill level 1 in Translocations
  9545 | D:11     | Noticed a four-headed hydra
  9545 | D:11     | Found the +1 robe of Vines {NoPotionHeal Regen++++}
  9561 | D:11     | Reached skill level 12 in Spellcasting
  9777 | Lair:1   | Entered Level 1 of the Lair of Beasts
 10155 | Lair:1   | Found the +8 storm bow {elec, penet}
 10597 | Lair:2   | Found a staircase to the Swamp.
 10598 | Lair:2   | Noticed a five-headed hydra
 10604 | Lair:2   | Noticed Gastronok
 10606 | Lair:2   | Killed a five-headed hydra
 10663 | Lair:2   | Noticed Harold
 10674 | Lair:2   | Killed Harold
 10696 | Lair:1   | Reached **** piety under Vehumet
 10740 | Lair:2   | Noticed a skyshark
 10746 | Lair:2   | Killed a skyshark
 10790 | Lair:2   | Killed Gastronok
 10791 | Lair:2   | Reached XP level 12. HP: 72/72 MP: 12/30
 10837 | Lair:2   | Reached skill level 5 in Ranged Weapons
 10838 | Lair:2   | Reached skill level 5 in Translocations
 10880 | Lair:2   | Learned a level 2 spell: Blink
 10896 | Lair:2   | Offered knowledge of Irradiate by Vehumet.
 10971 | Lair:2   | Noticed a death yak
 10981 | Lair:2   | Noticed a death yak
 10982 | Lair:2   | Noticed a death yak
 10982 | Lair:2   | Noticed a death yak
 10986 | Lair:2   | Killed a death yak
 11028 | Lair:2   | Killed a death yak
 11333 | Lair:2   | Noticed a death yak
 11333 | Lair:2   | Noticed a death yak
 11340 | Lair:2   | Killed a death yak
 11340 | Lair:2   | Killed a death yak
 11626 | Lair:2   | Killed a death yak
 11627 | Lair:2   | Reached skill level 10 in Conjurations
 11634 | Lair:2   | Killed a death yak
 11806 | Lair:3   | Noticed a death yak
 11806 | Lair:3   | Noticed a death yak
 11806 | Lair:3   | Noticed a death yak
 11806 | Lair:3   | Noticed a death yak
 11806 | Lair:3   | Noticed a death yak
 11807 | Lair:3   | Noticed a death yak
 11835 | Lair:3   | Found a staircase to the Snake Pit.
 11852 | Lair:3   | Killed a death yak
 11866 | Lair:2   | Killed a death yak
 11866 | Lair:2   | Reached ***** piety under Vehumet
 12015 | Lair:3   | Killed a death yak
 12015 | Lair:3   | Offered knowledge of Arcjolt by Vehumet.
 12053 | Lair:3   | Killed a death yak
 12055 | Lair:3   | Killed a death yak
 12058 | Lair:3   | Killed a death yak
 12065 | Lair:3   | Reached skill level 13 in Spellcasting
 12171 | Lair:3   | Reached XP level 13. HP: 79/79 MP: 32/32
 12335 | Lair:3   | Noticed rlgrobin's ghost (journeyman MeFi)
 12338 | Lair:3   | Noticed a minotaur
 12392 | Lair:3   | Found a runed translucent gate.
 12423 | Lair:3   | Reached skill level 10 in Dodging
 12733 | Lair:3   | Learned a level 5 spell: Freezing Cloud
 12822 | Lair:3   | Found a runed translucent gate.
 12822 | Lair:3   | Found a runed translucent gate.
 12912 | Lair:4   | Reached skill level 1 in Ice Magic
 12998 | Lair:4   | Reached skill level 1 in Air Magic
 13173 | Lair:4   | Reached skill level 14 in Spellcasting
 13215 | Lair:4   | Offered knowledge of Airstrike by Vehumet.
 13483 | Lair:5   | Entered Level 5 of the Lair of Beasts
 13701 | Lair:5   | Found a viscous altar of Jiyva.
 13914 | Lair:5   | Found a staircase to the Slime Pits.
 14153 | Lair:5   | Reached skill level 5 in Ice Magic
 14597 | Lair:5   | Noticed a dire elephant
 14772 | Lair:5   | Reached skill level 5 in Air Magic
 14959 | Lair:5   | Reached XP level 14. HP: 87/87 MP: 8/34
 14975 | Lair:5   | Reached skill level 10 in Fighting
 15052 | Lair:5   | Reached skill level 15 in Spellcasting
 15118 | Lair:5   | Identified the +8 hand crossbow of Yhovucau {elec, *Corrode
                  | Fragile rElec Int+8}
 15693 | D:11     | Found a staircase to the Orcish Mines.
 16237 | D:12     | Noticed Nessos
 16256 | D:12     | Killed Nessos
 16265 | D:12     | Noticed Lodul
 16269 | D:12     | Killed Lodul
 16527 | D:12     | Offered knowledge of Ozocubu's Refrigeration by Vehumet.
 16615 | D:12     | Reached skill level 10 in Ice Magic
 16615 | D:12     | Reached skill level 1 in Necromancy
 16625 | D:12     | Learned a level 1 spell: Apportation
 16633 | D:12     | Learned a level 6 spell: Simulacrum
 16661 | D:12     | Found Wooviado's Jewellery Shop.
 17007 | D:12     | Noticed Fannar
 17296 | D:13     | Reached skill level 5 in Necromancy
 17367 | D:13     | Identified the +8 sling of the Viper {freeze, Drain rN+
                  | Will+ Stlth+}
 17422 | D:13     | Found Ydufeuw's Antique Armour Emporium.
 17437 | D:13     | Bought a runed robe for 114 gold pieces
 17437 | D:13     | Bought a faintly humming leather armour for 217 gold pieces
 17437 | D:13     | Identified the +3 leather armour of the Endless Expanse
                  | {rC+ Str+4} (You bought it in a shop on level 13 of the
                  | Dungeon)
 18289 | D:14     | Found a gate to the Vaults.
 18401 | D:14     | Reached skill level 1 in Evocations
 18401 | D:14     | Reached XP level 15. HP: 92/92 MP: 20/36
 18887 | Orc:1    | Entered Level 1 of the Orcish Mines
 18922 | Orc:1    | Reached skill level 16 in Spellcasting
 18953 | Orc:1    | Found Veul's Distillery.
 19020 | Orc:1    | Found Buatej's General Store.
 19056 | Orc:1    | Found Qoruuwes's Magic Scroll Shop.
 19058 | Orc:1    | Found Tuze's Antique Weapon Emporium.
 19064 | Orc:1    | Bought a scroll of enchant armour for 90 gold pieces
 19174 | Orc:2    | Entered Level 2 of the Orcish Mines
 19389 | Orc:2    | Reached ****** piety under Vehumet
 19486 | Orc:2    | Found a staircase to the Elven Halls.
 19525 | Orc:2    | Offered knowledge of Starburst by Vehumet.
 19558 | Orc:2    | Gained mutation: Your body sometimes deteriorates upon
                  | taking damage. [a neqoxec]
 19612 | Orc:2    | Lost mutation: Your body sometimes deteriorates upon taking
                  | damage. [potion of mutation]
 19612 | Orc:2    | Gained mutation: Your spells are a little easier to cast,
                  | but a little less powerful. [potion of mutation]
 19612 | Orc:2    | Gained mutation: You are frail. (-10% HP) [potion of
                  | mutation]
 19612 | Orc:2    | Gained mutation: You possess an exceptional clarity of
                  | mind. [potion of mutation]
 19613 | Orc:2    | Lost mutation: You are frail. (-10% HP) [potion of
                  | mutation]
 19613 | Orc:2    | Lost mutation: Your spells are a little easier to cast, but
                  | a little less powerful. [potion of mutation]
 19613 | Orc:2    | Gained mutation: Your body sometimes deteriorates upon
                  | taking damage. [potion of mutation]
 19614 | Orc:2    | Lost mutation: You possess an exceptional clarity of mind.
                  | [potion of mutation]
 19614 | Orc:2    | Lost mutation: Your body sometimes deteriorates upon taking
                  | damage. [potion of mutation]
 19614 | Orc:2    | Gained mutation: You have hidden genetic potential. [potion
                  | of mutation]
 19614 | Orc:2    | Gained mutation: You have a pair of small antennae on your
                  | head. [potion of mutation]
 19728 | Orc:2    | Found a frozen archway.
 19739 | IceCv    | Entered an ice cave
 19763 | IceCv    | Learned a level 6 spell: Starburst
 19985 | IceCv    | Reached skill level 1 in Fire Magic
 20241 | IceCv    | Slain by a reaper

Illustrated notes

Levels and vault maps discovered:
D:1:      dpeg_arrival_more_subterranean_lakeside_camping, layout_basic,
          chequers_garden, minmay_misc_feat_hallway
D:2:      layout_rooms
D:3:      layout_loops_ring, cheibriados_altar_1, tso_oasis_becter,
          dreamdust_ecumenical_altar_angels_and_demons, grunt_ministairs_10,
          minmay_shallow_snake_nest, uniq_jessica
D:4:      layout_basic, minmay_temple_entry_gardened_gates, uniq_edmund,
          uniq_sigmund
D:5:      kennysheep_spiral_hall, layout_loops_ring,
          mainiacjoe_overflow_cross_hatched, gammafunk_ghost_mausoleum,
          roderic_batcave, minmay_misc_feat_alley, chequers_jeans
D:6:      layout_loops_corners, chequers_temple_overflow_statue_of_worship,
          hangedman_abyss_or_decor_stagger
D:7:      layout_basic, gammafunk_temple_overflow_claw
D:8:      layout_basic, mainiacjoe_overflow_catch_the_wave, uniq_joseph,
          uniq_prince_ribbit1, uniq_maurice, uniq_pikel
D:9:      layout_rooms
D:10:     layout_loops_cross, david_lair_shrubbed, nicolae_lava_and_water
D:11:     layout_basic, david_orc_3, hellmonk_guarded_unrand_vines
D:12:     layout_basic, serial_rivers, chequers_serial_rivers_micro_d,
          chequers_serial_rivers_small_a, chequers_serial_rivers_micro_e,
          chequers_serial_rivers_large_a, chequers_serial_rivers_micro_b,
          chequers_serial_rivers_small_3, kennysheep_small_square, uniq_nessos,
          uniq_lodul, uniq_fannar
D:13:     layout_long_grid, serial_shops, shop_coins, hangedman_decor_slide_cut
D:14:     layout_rooms, grunt_vaults_entry_fortified
Temple:   hellmonk_temple_micro_hex
Lair:1:   layout_roguey
Lair:2:   layout_small_grid, minmay_swamp_entry_reptiles, uniq_gastronok,
          uniq_harold
Lair:3:   layout_loops_ring, minmay_snake_entry_guardpost_medium,
          maelrawn_ghost_gauntlet_escape, minmay_lair_oklob_items,
          infiniplex_staircase_pool_2
Lair:4:   layout_roguey, serial_bayou_shore_b
Lair:5:   due_jungle_book, layout_gridlike, minmay_slime_entry_eyes,
          infiniplex_staircase_pool, lemuel_fruit_tree, serial_bayou_shore_b
Orc:1:    layout_diamond_mine, serial_shops, nicolae_shop_waterfront, shop,
          shop, shop, shop
Orc:2:    st_orc_mages, layout_caves, portal_ice_cave_entry_ice_simulacra
IceCv:    ice_cave_caverns_01

Skill      XL: |  1  2  3  4  5  6  7  8  9 10 11 12 13 14 15 |
---------------+----------------------------------------------+-----
Spellcasting   | 4 5 6 7 10 11 12 13 14 15 16 | 16.4
Earth Magic    | 4 5 6 9 10 11 12 | 12.0
Fighting       | 1 2 3 4 5 6 7 8 9 10 | 10.0
Stealth        | 3 4 5 |  5.0
Conjurations   | 1 2 4 5 7 10 | 10.0
Ranged Weapons | 1 2 4 5 |  5.0
Dodging        | 3 4 5 7 8 9 10 | 10.0
Translocations | 4 5 |  5.0
Ice Magic      | 5 10 11 | 11.5
Air Magic      | 5 |  5.0
Necromancy     | 7 8 |  8.0
Evocations     | 1 3 |  3.9
Fire Magic     | 1 |  1.7
Transmutations | |  1.1

Action                     |  1- 3 |  4- 6 |  7- 9 | 10-12 | 13-15 || total
---------------------------+-------+-------+-------+-------+-------++-------
   Fire: Sling             |    68 |    47 |   102 |    68 |       ||   285
         Longbow           |       |       |       |    39 |   101 ||   140
         Hand crossbow     |       |       |       |       |   190 ||   190
  Throw: Dart              |       |       |     2 |     4 |       ||     6
         Throwing net      |       |       |       |       |     1 ||     1
   Cast: Sandblast         |    24 |    53 |    94 |   111 |   108 ||   390
         Stone Arrow       |       |     8 |    34 |    58 |       ||   100
         Lee's Rapid Decon |       |       |       |    46 |   163 ||   209
         Iskenderun's Myst |       |       |       |    47 |    93 ||   140
         Blink             |       |       |       |     5 |     3 ||     8
         Freezing Cloud    |       |       |       |       |    89 ||    89
         Simulacrum        |       |       |       |       |    17 ||    17
  Evoke: Wand              |       |       |     3 |       |       ||     3
    Use: Potion            |       |     1 |       |       |     3 ||     4
         Scroll            |       |       |       |    28 |     3 ||    31
 Armour: Robe              |     2 |     7 |    21 |    17 |    26 ||    73
  Dodge: Dodged            |     4 |    25 |    99 |   116 |   109 ||   353
  Block: Kite shield       |       |       |    10 |    55 |    48 ||   113

Table legend: (Time is in decaauts)
 A = Elapsed time spent in this place.
 B = Non-inter-level travel time spent in this place.
 C = Inter-level travel time spent in this place.
 D = Time resting spent in this place.
 E = Time spent auto-exploring this place.
 F = Levels seen in this place.
 G = Mean time per level.
                   A        B        C        D        E       F      G
               +--------+--------+--------+--------+--------+-----+--------+
         Total |  20835 |  19665 |   1170 |   3763 |  12139 |  23 |  905.9 |
       Dungeon |  13467 |  12766 |    701 |   2543 |   8159 |  14 |  961.9 |
        Temple |     14 |      2 |     12 |      0 |      0 |   1 |   14.0 |
          Lair |   5934 |   5493 |    441 |    976 |   3235 |   5 | 1186.8 |
  Orcish Mines |    918 |    905 |     13 |     82 |    523 |   2 |  459.0 |
      Ice Cave |    500 |    500 |      0 |    161 |    222 |   1 |  500.0 |
               +--------+--------+--------+--------+--------+-----+--------+

Top non-repeatable levels by time:
  Lair:5: 2072 daAuts
    D:10: 1599 daAuts
  Lair:2: 1283 daAuts
    D:12: 1172 daAuts
     D:5: 1156 daAuts
     D:4: 1087 daAuts
     D:6: 1028 daAuts
     D:8: 981 daAuts
  Lair:1: 976 daAuts
  Lair:3: 929 daAuts
     D:9: 902 daAuts
     D:3: 893 daAuts
    D:11: 878 daAuts
     D:7: 869 daAuts
    D:13: 805 daAuts
